Map: 2000 Atmospheres LE

Players

A.I. 1 (Very Easy) - Winner!

  • Race: Terran Terran

Oreo

  • Race: Zerg Zerg
  • League: Master

VOD

Have the link to the VOD?

Description

Time

  • Played on: Feb. 16, 2022, 8:18 p.m.
  • Length: 9:08
Show
View Real Time Build Order
Export as new Build Order

A.I. 1 (Very Easy) Terran - Winner!

Build Orders:  

Get SALT Encoding   

  12  0:00  SCV  
  13  0:13  SCV  
  14  0:18  Supply Depot  
  14  0:37  Refinery  
  14  0:42  Barracks  
  14  1:03  Supply Depot  
  14  1:13  Refinery  
  14  1:28  SCV  
  14  1:29  Marine  
  16  1:41  SCV  
  17  1:53  SCV  
  18  2:05  Marine, SCV  
  20  2:17  SCV  
  21  2:29  SCV  
  22  2:41  Marine  
  22  2:42  Orbital Command  
  23  6:01  SCV  
  23  6:02  Marine  
  23  6:03  Supply Depot  
  25  6:05  Factory  
  25  6:25  SCV  
  26  6:27  Supply Depot  
  26  6:35  Marine  
  26  6:37  SCV  
  24  6:42  Command Center  
  24  6:49  SCV  
  24  6:50  Starport  
  24  6:53  Barracks Tech Lab  
  25  7:01  SCV  
  26  7:11  Marine  
  26  7:13  SCV  
  28  7:27  Starport Tech Lab  
  27  7:44  Marauder  
  27  7:45  Raven  
  31  7:55  SCV  
  32  7:58  Refinery  
  32  8:02  SCV  
  32  8:04  Refinery  
  33  8:09  SCV  
  34  8:16  Marine, SCV  
  36  8:23  SCV  
  36  8:31  SCV  
  39  8:38  SCV  
  40  8:45  SCV  
  41  8:52  SCV  
Show
View Real Time Build Order
Export as new Build Order

Oreo Zerg 

Build Orders: Hatch First, Lurkers 

Get SALT Encoding   

  12  0:00  Drone  
  13  0:12  Overlord  
  13  0:16  Drone  
  14  0:30  Drone x2  
  16  0:48  Hatchery  
  15  0:50  Drone  
  15  0:54  Drone  
  17  0:58  Drone  
  18  1:08  Extractor  
  17  1:13  Spawning Pool  
  17  1:15  Drone  
  17  1:19  Drone  
  18  1:27  Drone  
  19  1:38  Drone  
  20  1:50  Drone  
  21  1:59  Queen  
  21  2:00  Zergling x4, Queen  
  27  2:10  Overlord  
  27  2:11  Drone  
  28  2:20  Hatchery  
  28  2:22  Drone  
  28  2:29  Drone  
  29  2:31  Drone  
  29  2:32  Drone  
  31  2:39  Metabolic Boost  
  31  2:42  Drone, Overlord  
  32  2:50  Queen  
  34  2:54  Drone x2  
  36  3:04  Overlord  
  36  3:08  Drone  
  36  3:09  Drone  
  36  3:10  Drone x2  
  36  3:12  Queen  
  40  3:16  Drone  
  40  3:18  Drone  
  44  3:26  Queen  
  46  3:29  Drone x2  
  46  3:33  Queen  
  50  3:35  Overlord  
  50  3:39  Zergling x4  
  50  3:41  Zergling x2  
  53  3:42  Drone  
  53  3:44  Drone  
  55  3:50  Overlord  
  55  3:51  Drone  
  55  3:52  Drone  
  55  3:53  Drone  
  58  3:57  Drone  
  58  3:58  Drone x2  
  58  3:59  Drone  
  61  4:05  Baneling Nest  
  61  4:06  Drone x2  
  62  4:10  Overlord  
  62  4:11  Queen  
  62  4:14  Drone  
  62  4:15  Drone  
  66  4:18  Drone x2  
  66  4:19  Drone  
  66  4:21  Drone  
  70  4:25  Overlord  
  70  4:26  Drone  
  70  4:31  Lair, Spore Crawler  
  71  4:34  Spore Crawler  
  69  4:42  Drone x4  
  69  4:43  Overlord  
  73  4:46  Drone x3  
  73  4:47  Overlord  
  73  4:48  Extractor x2  
  73  4:49  Drone  
  73  4:51  Drone x2  
  77  4:54  Drone x3  
  80  5:05  Overlord  
  80  5:08  Drone x2  
  80  5:12  Extractor, Evolution Chamber  
  80  5:13  Evolution Chamber  
  79  5:14  Extractor, Drone  
  79  5:15  Hatchery, Drone x2  
  79  5:17  Drone x2  
  82  5:25  Drone x2  
  82  5:26  Overlord  
  82  5:28  Centrifugal Hooks  
  84  5:30  Overseer  
  84  5:31  Overlord  
  84  5:38  Drone  
  84  5:39  Zerg Melee Weapons Level 1  
  84  5:41  Zergling x12  
  91  5:44  Zerg Ground Armor Level 1  
  91  5:45  Overlord  
  91  5:46  Zergling x4  
  93  5:54  Hydralisk Den, Zergling x10  
  93  5:56  Zergling x4  
  99  5:58  Zergling x2  
  99  5:59  Drone  
  99  6:01  Drone  
  99  6:02  Drone  
  103  6:07  Baneling x2  
  103  6:08  Baneling x4, Drone  
  104  6:13  Drone  
  104  6:17  Drone x3  
  104  6:18  Overlord  
  108  6:20  Drone  
  108  6:24  Overlord  
  109  6:27  Grooved Spines  
  109  6:34  Extractor  
  109  6:35  Overlord  
  109  6:36  Zergling x16  
  109  6:38  Drone  
  117  6:43  Drone  
  118  6:48  Drone x2  
  118  6:49  Spore Crawler  
  118  6:51  Drone  
  118  6:53  Drone  
  122  6:54  Drone  
  122  6:56  Infestation Pit, Overlord  
  122  6:57  Hatchery  
  122  6:58  Baneling  
  122  7:00  Drone x2  
  122  7:01  Extractor, Drone x2  
  123  7:02  Extractor  
  123  7:03  Overlord  
  123  7:04  Zergling x10  
  123  7:06  Zergling x4  
  123  7:07  Zergling x2  
  123  7:08  Zergling x2  
  131  7:13  Zergling x4  
  133  7:16  Zergling x2  
  133  7:18  Zergling x2  
  133  7:20  Zergling x6  
  133  7:22  Zergling x2  
  139  7:24  Zergling x4  
  139  7:27  Zergling x6  
  139  7:29  Zergling x2  
  145  7:35  Lurker Den, Hive  
  145  7:36  Drone x2  
  146  7:38  Zergling x12  
  146  7:42  Overlord  
  146  7:43  Hydralisk  
  154  7:46  Hydralisk  
  154  7:49  Hydralisk  
  158  7:52  Muscular Augments  
  158  7:53  Hydralisk x2  
  158  7:56  Hydralisk x3  
  168  7:58  Hydralisk  
  168  8:03  Drone x6  
  168  8:04  Drone  
  176  8:08  Hydralisk x2  
  176  8:12  Hydralisk x2  
  180  8:16  Hydralisk  
  180  8:17  Hydralisk  
  180  8:18  Overlord x2  
  188  8:23  Overlord  
  188  8:26  Drone  
  189  8:28  Overlord  
  189  8:34  Extractor  
  189  8:35  Extractor  
  187  8:49  Lurker x9  
  187  8:50  Zergling x6  
Tags
 
Composition
Lurkers
League
Master
Matchup
TvZ
Add a new tag
Caveats
  • Supply blocks, unpowered buildings, or Contaminate may cause inaccurate times.
  • Supply counts are checked every 10 seconds.